[Event "DFMM-LV 2023"]
[Site "Braunfels"]
[Date "2023.06.10"]
[Round "4.40"]
[White "Nobis, Martina"]
[Black "Grosse-Honebrink, Brigitte"]
[Result "1-0"]
[Annotator "NA RC COMBH"]
[ECO "C05"]
[WhiteElo "1834"]
[BlackElo "1891"]
[PlyCount "53"]
[EventDate "2023.06.09"]
[EventType "team-tourn"]
[EventCountry "GER"]
[SourceTitle "playchess.com"]
[Source "ChessBase"]
[SourceQuality "1"]
[TimeControl "40/5400+30:1800+30"]

1. e4 e6 2. d4 d5 3. Nd2 Nf6 4. exd5 exd5 5. Bd3 Bg4 6. Ngf3 Bd6 7. Qe2+ Qe7 8. Qxe7+ Bxe7 9. h3 Bh5 10. Ne5 O-O 11. O-O Nbd7 12. Ndf3 Nxe5 13. Nxe5 Ne4 14. Re1 f6 15. Nf3 f5 16. Bf4 Bf6 17. Ne5 Rad8 18. c3 c6 19. Bc2 Rfe8 20. f3 Nd6 21. g4 fxg4 22. hxg4 Bf7 23. g5 Be7 24. Re2 Bh5 25. Rae1 Rf8 26. Nd3 Rxf4 27. Nxf4 1-0

[Event "DFMM-LV 2023"]
[Site "Braunfels"]
[Date "2023.06.10"]
[Round "4.41"]
[White "Krasnopeyeva, Julia"]
[Black "Nguyen, Ha Thanh"]
[Result "1/2-1/2"]
[Annotator "TA"]
[ECO "B35"]
[WhiteElo "1895"]
[BlackElo "1968"]
[PlyCount "44"]
[EventDate "2023.06.09"]
[EventType "team-tourn"]
[EventCountry "GER"]
[SourceTitle "playchess.com"]
[Source "ChessBase"]
[SourceQuality "1"]
[TimeControl "40/5400+30:1800+30"]

1. e4 c5 2. Nf3 Nc6 3. d4 cxd4 4. Nxd4 g6 5. Nc3 Bg7 6. Be3 Nf6 7. Bc4 Qa5 8. O-O O-O 9. Bb3 d6 10. h3 Bd7 11. f4 Nxd4 {[%emt 0:32:37] B35: Sicilian: Accelerated Dragon with 5 Nc3: main line.} 12. Bxd4 ({Of course not} 12. Qxd4 Ng4 13. Qd2 Nxe3 14. Qxe3 Bxc3 15. bxc3 Rac8 $15) 12... Be6 {[%emt 0:01:16] [#]} (12... Bc6 $11) 13. Qf3 $146 (13. f5 $5 Bxb3 14. axb3 $16) ({Predecessor:} 13. Nd5 Rae8 14. f5 Bxd5 15. exd5 Nd7 16. Bxg7 Kxg7 17. Qd4+ Ne5 18. Rae1 f6 19. Re4 {0-1 Perez Mitjans,O (2429)-Moreno Ruiz,J (2469) Azuqueca de Henares op 2013 (4)}) 13... Nd7 {[%emt 0:19:21] White is slightly better.} 14. Bxg7 Kxg7 15. Nd5 Bxd5 16. exd5 Qb6+ 17. Kh1 Rac8 (17... a5 $5 ) 18. Rae1 Rfe8 (18... Qd8 $14) 19. f5 (19. Ba4 $16 Qc7 20. f5) 19... f6 (19... Ne5 $11 20. f6+ Kg8) 20. c3 ({White should try} 20. fxg6 $14 hxg6 21. Re6) 20... Ne5 $11 21. Qg3 g5 22. Re4 Rg8 {[%emt 0:25:46] Weighted Error Value: White=0.34/Black=0.25 (precise)} 1/2-1/2

[Event "DFMM-LV 2023"]
[Site "Braunfels"]
[Date "2023.06.10"]
[Round "4.42"]
[White "Skibbe, Diana"]
[Black "Mader, Lena"]
[Result "1-0"]
[Annotator "TA"]
[ECO "B15"]
[WhiteElo "1956"]
[BlackElo "1778"]
[PlyCount "103"]
[EventDate "2023.06.09"]
[EventType "team-tourn"]
[EventCountry "GER"]
[SourceTitle "playchess.com"]
[Source "ChessBase"]
[SourceQuality "1"]
[TimeControl "40/5400+30:1800+30"]

1. e4 c6 2. d4 d5 3. Nc3 dxe4 4. Nxe4 Nf6 5. Nxf6+ exf6 6. Be3 Bd6 {[%emt 0:00:00] B15: Caro-Kann: 3 Nc3: 3...g6 and 3...dxe4 4 Nxe4 Nf6 5 Nxf6+ exf6.} 7. Bd3 O-O 8. Ne2 Bg4 {[%emt 0:00:00] The position is equal.} 9. Qd2 Re8 10. O-O Nd7 11. h3 Bh5 12. Nf4 Bg6 13. Nxg6 hxg6 14. c4 {[%emt 0:00:38] [#]} Bc7 $146 ({Predecessor:} 14... f5 15. Bg5 Qc7 16. g3 f6 17. Bf4 Bxf4 18. Qxf4 Qxf4 19. gxf4 Rad8 20. Rfe1 Rxe1+ 21. Rxe1 {0-1 Harshini,A (2149)-Balabayeva,K (2230) Asian Continental op (Women) 19th 2022 (4)}) 15. Rfe1 Nf8 16. Bf1 Ne6 17. Red1 f5 {[%emt 0:00:00] [#]} (17... Ng5 $11) 18. d5 $1 $16 Qd6 19. g3 Nc5 20. Bf4 (20. Bg2 $16) 20... Qd7 $11 21. d6 Ne4 22. Qd3 (22. dxc7 $11 {keeps the balance.} Nxd2 23. Rxd2) 22... Bb6 $17 23. Be3 {[%emt 0:02:32] [#]} Bxe3 (23... Re6 $1 $17 24. Bxb6 axb6) 24. Qxe3 $15 b6 (24... Nxd6 $2 25. Qf4 $18) 25. b4 c5 (25... Nxd6 $2 26. Qf4 $18) 26. bxc5 Nxc5 27. Qf4 Re4 28. Qg5 Rd8 29. Rd5 Re6 30. Rad1 Ne4 31. Qc1 Qa4 ({Don't play} 31... Nxd6 32. c5 bxc5 33. Qxc5 $11) (31... Qc6 $5) 32. f3 (32. Bg2 $11) 32... Nxg3 $2 {[%emt 0:01:35][%mdl 8192] This costs Black the game.} ({Of course not} 32... Nxd6 $6 33. Qf4 $11) (32... Nf6 $17 {keeps the pressure on.} 33. R5d3 (33. R5d2 Nd7 $15) 33... Qc6) 33. Qg5 $1 $18 Rd7 {[%emt 0:01:13] And now ...Nxf1 would win.} 34. Qxg3 Qxa2 (34... Kh7 $142 35. c5 bxc5 36. Rxc5 Re8) 35. c5 bxc5 36. Rxc5 {[%emt 0:00:07] Threatening mate with Rc8+.} Re8 {[%emt 0:00:32] Wards off Rc8} (36... g5 $142 37. Rxf5 Rg6 38. Rxg5 Rxg5 39. Qxg5 Qe6) 37. Bb5 {[%emt 0:01:20][%mdl 64] Skewer} Qb3 38. Rcd5 (38. Re1 $142 Rdd8 39. Bxe8) 38... Red8 39. Bxd7 Rxd7 40. Kg2 Qb2+ 41. R1d2 Qf6 42. h4 Qc3 43. Qe5 Qc8 44. Re2 {[%emt 0:00:00] White threatens Rc5 and mate.} Kh7 45. Rd4 {[%emt 0:00:00][%cal Oh4h5] Hoping for h5!} Qc6 46. Kg3 {[%emt 0:00:00][%cal Oh4h5] h5! is the strong threat.} Qc1 47. Re1 Qc3 48. Rdd1 Qb4 {[%emt 0:01:34] [#]} 49. h5 $1 {[%emt 0:00:00] White mates.} a5 (49... gxh5 50. Qxf5+) 50. hxg6+ Kxg6 51. Rd5 f4+ 52. Kg4 {[%emt 0:00:00] Excellently played by Skibbe!   Weighted Error Value: White=0.42/Black=0.42} 1-0

[Event "DFMM-LV 2023"]
[Site "Braunfels"]
[Date "2023.06.10"]
[Round "4.43"]
[White "Anisimova, Mariya"]
[Black "Bethge, Johanna"]
[Result "1-0"]
[Annotator "NA RC COMBH"]
[ECO "B90"]
[WhiteElo "1649"]
[BlackElo "1721"]
[PlyCount "115"]
[EventDate "2023.06.09"]
[EventType "team-tourn"]
[EventCountry "GER"]
[SourceTitle "playchess.com"]
[Source "ChessBase"]
[SourceQuality "1"]
[TimeControl "40/5400+30:1800+30"]

1. e4 c5 2. Nf3 d6 3. d4 cxd4 4. Nxd4 Nf6 5. Nc3 a6 6. f3 b5 7. Be3 Nbd7 8. Qd2 Nb6 9. b3 Qc7 10. Bd3 Bb7 11. O-O d5 12. Nxd5 Nbxd5 13. exd5 Nxd5 14. Nxb5 Qd7 15. Na3 Nxe3 16. Qxe3 e6 17. Nc4 Qc7 18. Kh1 Bc5 19. Qg5 Kf8 20. Nd2 Bd6 21. Qh5 h6 22. Ne4 g6 23. Qh4 Be5 24. Rad1 Rd8 25. f4 g5 26. Qf2 Bxf4 27. Qc5+ Kg7 28. Qxc7 Bxc7 29. Nc5 Bc8 30. Bxa6 Bb6 31. Bxc8 Bxc5 32. Bb7 f5 33. a4 Bb4 34. g3 Kf6 35. Kg2 h5 36. Ba6 Rhe8 37. Bb5 Rf8 38. Bd3 Rc8 39. Kf3 e5 40. Ke2 Ke6 41. Bc4+ Ke7 42. Rd5 Rc5 43. Rxc5 Bxc5 44. c3 f4 45. b4 Be3 46. Bd5 g4 47. c4 h4 48. a5 hxg3 49. hxg3 Bd4 50. Kd3 f3 51. c5 Rb8 52. Kc4 e4 53. Bxe4 Be5 54. a6 Bxg3 55. a7 Ke6 56. axb8=Q Bxb8 57. b5 Ke5 58. Bxf3 1-0

[Event "DFMM-LV 2023"]
[Site "Braunfels"]
[Date "2023.06.10"]
[Round "4.44"]
[White "Dietrich, Mareike"]
[Black "Mueller, Riyanna"]
[Result "0-1"]
[Annotator "NA RC COMBH"]
[ECO "B01"]
[WhiteElo "1771"]
[BlackElo "1687"]
[PlyCount "70"]
[EventDate "2023.06.09"]
[EventType "team-tourn"]
[EventCountry "GER"]
[SourceTitle "playchess.com"]
[Source "ChessBase"]
[SourceQuality "1"]
[TimeControl "40/5400+30:1800+30"]

1. e4 d5 2. exd5 Qxd5 3. Nc3 Qd6 4. d4 Nf6 5. Nf3 a6 6. g3 Bg4 7. h3 Bxf3 8. Qxf3 c6 9. Bf4 Qd8 10. Rd1 e6 11. Bg5 Be7 12. Bg2 O-O 13. O-O Nbd7 14. Rfe1 Nd5 15. Bxe7 Nxe7 16. Ne4 Nb6 17. Qd3 Rc8 18. h4 h6 19. Bh3 Ned5 20. Nc5 Qc7 21. Re2 Nd7 22. Nxd7 Qxd7 23. c4 Nf6 24. Qf3 Rfd8 25. g4 Qe7 26. d5 cxd5 27. cxd5 Rc5 28. Qa3 Rdxd5 29. Rde1 Qc7 30. Bg2 Rd4 31. f3 Nd5 32. Re5 Ra5 33. Qb3 Rb4 34. Qd1 Rxb2 35. Bf1 Raxa2 0-1

[Event "DFMM-LV 2023"]
[Site "Braunfels"]
[Date "2023.06.10"]
[Round "4.45"]
[White "Moench, Dorothee"]
[Black "Kohl, Natalie"]
[Result "1/2-1/2"]
[Annotator "NA RC COMBH"]
[ECO "A14"]
[WhiteElo "1722"]
[BlackElo "1504"]
[PlyCount "70"]
[EventDate "2023.06.09"]
[EventType "team-tourn"]
[EventCountry "GER"]
[SourceTitle "playchess.com"]
[Source "ChessBase"]
[SourceQuality "1"]
[TimeControl "40/5400+30:1800+30"]

1. Nf3 Nf6 2. c4 e6 3. Nc3 b6 4. g3 Bb7 5. Bg2 Be7 6. O-O O-O 7. d3 d5 8. e3 c5 9. b3 Nbd7 10. Bb2 a6 11. h3 Qc7 12. cxd5 exd5 13. Ne2 Rad8 14. d4 Ne4 15. Rc1 Qd6 16. Nd2 Ndf6 17. Nf4 Nxd2 18. Qxd2 cxd4 19. Bxd4 Ne4 20. Qb2 Bf6 21. Bxf6 Qxf6 22. Qxf6 Nxf6 23. Rc7 Ba8 24. Rd1 g5 25. Ne2 h5 26. Nd4 g4 27. hxg4 hxg4 28. Kf1 Ne4 29. Ke2 Rc8 30. Rdc1 Rce8 31. b4 Nd6 32. Nc6 d4 33. Kd3 dxe3 34. fxe3 Nf5 35. Be4 Bxc6 1/2-1/2

[Event "DFMM-LV 2023"]
[Site "Braunfels"]
[Date "2023.06.10"]
[Round "4.46"]
[White "Loos, Tilda"]
[Black "Richter, Johanna"]
[Result "0-1"]
[Annotator "NA RC COMBH"]
[ECO "B33"]
[WhiteElo "1401"]
[BlackElo "1470"]
[PlyCount "140"]
[EventDate "2023.06.09"]
[EventType "team-tourn"]
[EventCountry "GER"]
[SourceTitle "playchess.com"]
[Source "ChessBase"]
[SourceQuality "1"]
[TimeControl "40/5400+30:1800+30"]

1. e4 c5 2. Nf3 Nc6 3. d4 cxd4 4. Nxd4 Nf6 5. Nc3 e5 6. Nf3 Bb4 7. Bd3 O-O 8. Bd2 d6 9. O-O h6 10. Nd5 Bxd2 11. Qxd2 Nxd5 12. exd5 Ne7 13. c4 f5 14. Bc2 b6 15. Rfe1 Ba6 16. b3 Ng6 17. Qc3 Nh4 18. Nxh4 Qxh4 19. Qf3 Bc8 20. Rac1 Bd7 21. Bb1 Rac8 22. Qg3 Qxg3 23. hxg3 Rfe8 24. f3 Rc7 25. Kf2 Kf7 26. Rc3 g6 27. Rh1 Kg7 28. Re3 Rec8 29. Bd3 Rf8 30. Re2 a6 31. Rb2 Bc8 32. Rc1 Bb7 33. a4 Bxd5 34. Rd1 Bb7 35. Be2 Rd8 36. Rbd2 Rcd7 37. b4 Bc8 38. Ke3 Kf6 39. Rh1 h5 40. Rhd1 Ke6 41. g4 f4+ 42. Kf2 hxg4 43. fxg4 e4 44. Rd4 e3+ 45. Kg1 g5 46. Kh2 Rh8+ 47. Kg1 Rdh7 48. Rxd6+ Ke7 49. g3 Rh1+ 50. Kg2 Bb7+ 51. R6d5 Rxd1 52. Bxd1 Bxd5+ 53. cxd5 Kd6 54. gxf4 gxf4 55. Bf3 Rc8 56. Kf1 Rc1+ 57. Ke2 Rc2+ 58. Kd1 Rd2+ 59. Ke1 Rxd5 60. Bxd5 Kxd5 61. Ke2 Ke4 62. g5 Kf5 63. g6 Kxg6 64. Kf3 Kf5 65. a5 b5 66. Ke2 Ke4 67. Ke1 f3 68. Kd1 e2+ 69. Kd2 Kd4 70. Ke1 Kd3 0-1

[Event "DFMM-LV 2023"]
[Site "Braunfels"]
[Date "2023.06.11"]
[Round "5.1"]
[White "Li, Zhuoling"]
[Black "Agrest, Inna"]
[Result "1-0"]
[Annotator "TA"]
[ECO "C78"]
[WhiteElo "2216"]
[BlackElo "2287"]
[PlyCount "153"]
[EventDate "2023.06.09"]
[EventType "team-tourn"]
[EventCountry "GER"]
[SourceTitle "playchess.com"]
[Source "ChessBase"]
[SourceQuality "1"]
[TimeControl "40/5400+30:1800+30"]

1. e4 e5 2. Nf3 Nc6 3. Bb5 a6 4. Ba4 Nf6 5. O-O Bc5 6. d3 b5 7. Bb3 d6 8. a4 $1 {[%emt 0:01:55][%mdl 4] White wants to play axb5. now scores much better than the old 8.c3.} Bg4 {[%emt 0:02:16] C78: Ruy Lopez: Archangelsk and Möller Defences.} 9. c3 O-O 10. Be3 (10. axb5 $142 axb5 11. Rxa8 Qxa8 12. Bg5) 10... Rb8 {[%emt 0:04:47] Black has an edge.} 11. axb5 axb5 12. Nbd2 {[%emt 0:00:56] [#]} h6 $146 ({Predecessor:} 12... Bxe3 13. fxe3 b4 14. Qe1 bxc3 15. bxc3 Be6 {½-½ Mogranzini,R (2437)-Godena,M (2526) ITA-ch rapid 2011 (7)}) 13. h3 Be6 (13... Bxe3 $11 14. fxe3 Bd7) 14. Bxe6 $16 fxe6 15. Bxc5 dxc5 16. Ra6 Qe8 17. Nb3 c4 18. dxc4 bxc4 19. Nbd2 Rxb2 20. Nxc4 Rb5 21. Qd3 Rc5 22. Ncd2 {[%emt 0:00:23] And now Nb3 would win. White has more active pieces.} Nh5 {[%emt 0:13:29] White must now prevent ...Nf4.} 23. Qe3 {[%emt 0:03:28] Prevents Nf4} Rb5 24. g3 Nf6 25. Qd3 Nb8 {[%emt 0:06:07] [#]} 26. Rxe6 {[%emt 0:01:03][%mdl 64] Deflection} Qxe6 27. Qxb5 Nbd7 28. Kg2 c6 29. Qc4 Qxc4 30. Nxc4 Nxe4 31. Ncxe5 Nxe5 32. Nxe5 Nxc3 33. Nxc6 {[%emt 0:00:06][%mdl 4096] Endgame KRN-KRN} Ne4 34. f3 Nd2 35. Rd1 (35. Rf2 $16 Nc4 36. Re2) 35... Nc4 (35... Nxf3 $11 36. h4 Rf6) 36. Rd4 Nb6 37. h4 Ra8 38. h5 Ra4 39. Rd8+ Kf7 40. Ne5+ Ke6 41. f4 Nd5 42. Re8+ Kf5 43. Nf3 (43. Nd3 $16 {Re5+ is the strong threat.} Kf6 44. Re5) 43... Kf6 44. Re5 Nc3 45. Nh2 Ra2+ 46. Kh3 Ne2 47. Ng4+ Kf7 48. Ne3 Nc1 49. Kg4 Nd3 50. Rb5 Ra3 51. Kf3 Nc1 52. g4 Nb3 {[%emt 0:01:04] aiming for ...Nd4+.} 53. Rb7+ Kf6 $2 (53... Kf8 $16 54. Rd7 Nc5) 54. Nd5+ $18 Ke6 55. Nc7+ Kf6 56. Ne8+ {[%emt 0:00:00][%mdl 64] Discovered Attack} Ke6 57. Nxg7+ Kd5 58. Re7 $2 (58. Rd7+ $18 Kc4 59. Re7) 58... Nd4+ $11 {[%emt 0:00:53][%mdl 64] Discovered Attack (Double check)} 59. Kg2 Ra2+ 60. Kf1 Ra1+ (60... Nf3 $11) 61. Re1 (61. Kf2 $14 Ra2+ 62. Ke1) 61... Ra3 $2 {[%emt 0:01:22][%mdl 8192] White stays focused until the end.} (61... Rxe1+ $1 $11 62. Kxe1 Ke4) 62. g5 Rf3+ (62... hxg5 $142 63. Re5+ Kc6 64. fxg5 (64. Rxg5 Rf3+ 65. Kg2 Rxf4 $18) 64... Nf3) 63. Kg2 $18 Rxf4 64. gxh6 Rf7 65. Kg3 {[%emt 0:01:24] Re8 would be deadly.} Nc6 66. Kh4 (66. Re8 $142 Nd4 67. Kg4) 66... Ne5 67. Rd1+ Ke4 68. Kg5 {[%emt 0:00:31] Strongly threatening Re1+.} Rf2 (68... Nf3+ $142 69. Kg6 Ne5+ 70. Kh7 Rc7) 69. h7 {[%emt 0:01:22] Re1+ would kill now.} Nf7+ 70. Kh4 {[%emt 0:01:04] Hoping for Rd7.} Rg2 {[%emt 0:00:30] [#]} 71. Rf1 $1 {[%emt 0:00:28] White mates.} Nh8 (71... Rxg7 72. Rxf7) 72. Ne6 Rh2+ 73. Kg5 Rg2+ 74. Kf6 Rg3 75. Ng5+ Kd5 76. Rd1+ Kc6 77. Rd8 {[%emt 0:02:39] Weighted Error Value: White=0.23 (precise) /Black=0.29 (precise)} 1-0

[Event "DFMM-LV 2023"]
[Site "Braunfels"]
[Date "2023.06.11"]
[Round "5.2"]
[White "Voicu-Jagodzinsky, Carmen"]
[Black "Meier, Annemarie"]
[Result "1/2-1/2"]
[Annotator "TA"]
[ECO "A30"]
[WhiteElo "2297"]
[BlackElo "2258"]
[PlyCount "104"]
[EventDate "2023.06.09"]
[EventType "team-tourn"]
[EventCountry "GER"]
[SourceTitle "playchess.com"]
[Source "ChessBase"]
[SourceQuality "1"]
[TimeControl "40/5400+30:1800+30"]

1. Nf3 {[%emt 0:00:05] Ribli,Zoltan} Nf6 2. c4 b6 3. e3 Bb7 4. b3 e6 5. Bb2 c5 6. Be2 Be7 7. O-O O-O 8. Nc3 d6 9. d4 cxd4 10. Nxd4 a6 11. Bf3 Qc7 12. Rc1 Nbd7 13. Qe2 {[%emt 0:04:34] has lost popularity (13.h3). A30: Symmetrical English: Double Fianchetto and Hedgehog.} Rac8 14. Rfd1 Qb8 15. h3 {[%emt 0:11:54] White is slightly better.} Rfe8 {[%emt 0:02:24] [#]} 16. Bxb7 $146 ({Predecessor:} 16. Rc2 Bf8 17. Rcd2 Nc5 18. Bxb7 Qxb7 19. Qf3 Qxf3 20. Nxf3 Nfe4 21. Nxe4 Nxe4 22. Rd4 {0-1 L'Ami,E (2470)-Gagunashvili,M (2582) Groningen Harmonie 2003 (3)}) 16... Qxb7 17. Nc2 Bf8 18. Rd2 Rc7 19. e4 Nc5 20. e5 dxe5 21. Qxe5 Rd7 22. Rxd7 Ncxd7 23. Qe2 Rc8 24. Ne3 Be7 25. Rd1 Nf8 26. Ng4 Ng6 27. Ne5 Nh4 28. f4 {[%emt 0:04:24] [#]} b5 $1 29. Kh2 h5 (29... bxc4 $15 30. Nxc4 h6) 30. Rd3 ({Much weaker is} 30. cxb5 axb5 31. Nxb5 Nxg2 32. Qxg2 Qxg2+ 33. Kxg2 Rc2+ 34. Kf3 Rxb2) ({White should try} 30. g3 $1 $11 Nf5 31. g4 hxg4 32. hxg4) 30... Rc7 {[%emt 0:04:56] [#]} (30... bxc4 $15 {stays ahead.} 31. bxc4 Rd8) 31. g3 (31. cxb5 $1 $16 axb5 32. Nxb5) 31... Nf5 32. Qg2 {[%emt 0:00:29] Active counter play!} (32. cxb5 $1 $11 axb5 33. Nxb5 Qxb5 34. Rd8+ {[%mdl 64] Discovered Attack} Bxd8 35. Qxb5 Rc2+ 36. Kg1 Rxb2 37. Qb8) 32... Qxg2+ (32... Qc8 $15) 33. Kxg2 $11 bxc4 34. Nxc4 Kf8 35. Kf3 Rd7 36. Rxd7 Nxd7 37. Ne4 Nc5 38. Nxc5 Bxc5 {[%emt 0:00:07][%mdl 4096] Endgame KBN-KBN} 39. g4 hxg4+ 40. hxg4 Ne7 41. Ne5 {[%emt 0:33:33] aiming for Nd7+.} Bd6 42. Nd3 f6 43. Bd4 Nc6 44. Bc3 Ke7 45. Ke4 Kd7 46. a4 (46. g5 $5 ) 46... Kc7 {[%emt 0:00:00] The position is equal.} 47. b4 Ne7 48. f5 e5 49. Bd2 Kc6 50. g5 Nc8 51. gxf6 gxf6 52. Nb2 Be7 {[%emt 0:00:00] Weighted Error Value: White=0.12 (very precise) /Black=0.13 (very precise)} 1/2-1/2

[Event "DFMM-LV 2023"]
[Site "Braunfels"]
[Date "2023.06.11"]
[Round "5.3"]
[White "Kostak, Tetyana"]
[Black "Zozulia, Anna"]
[Result "1/2-1/2"]
[Annotator "TA"]
[ECO "B06"]
[WhiteElo "2117"]
[BlackElo "2236"]
[PlyCount "125"]
[EventDate "2023.06.09"]
[EventType "team-tourn"]
[EventCountry "GER"]
[SourceTitle "playchess.com"]
[Source "ChessBase"]
[SourceQuality "1"]
[TimeControl "40/5400+30:1800+30"]

1. e4 g6 2. b4 Bg7 3. Nc3 d6 {[%emt 0:08:26] [#]} 4. Nf3 $146 ({Predecessor:} 4. Bb2 Nc6 5. a3 Nh6 6. Bc4 f5 7. Qb1 e6 8. Nge2 O-O 9. Qa2 Qe7 10. Nf4 {0-1 Logvinov,K (2108)-Sargissyan,S (2293) Elets-B 75th 2014 (9)}) 4... a5 5. b5 c5 6. bxc6 {[%emt 0:06:37] B06: Modern Defence.} bxc6 7. Rb1 Nf6 8. Be2 O-O 9. O-O Nbd7 10. d4 Qc7 11. Bf4 e5 12. dxe5 dxe5 13. Be3 Ng4 14. Bc1 Rd8 15. Qe1 Nc5 16. Bg5 Nf6 17. Bc4 Be6 18. Qe2 Rab8 19. h3 ({White should try} 19. Be3 $11 Bxc4 20. Qxc4) 19... Rb4 $1 $15 20. Bxe6 Nxe6 21. a3 Rxb1 22. Rxb1 Nxg5 23. Nxg5 h6 24. Nf3 Bf8 25. Qc4 Rd7 (25... Bxa3 $2 26. Nb5 Qe7 27. Nxa3 $18 (27. Qxc6 Bb4 $15)) 26. Rb3 Kg7 27. Na4 Qd6 (27... Rd1+ $11 28. Kh2 Nd7) 28. Rd3 Qc7 29. Rc3 $2 (29. Nc5 $14 {keeps the upper hand.}) 29... Rd1+ $17 30. Kh2 {[%emt 0:00:06] [#]} Rd4 $1 {[%emt 0:00:45][%mdl 64] Double Attack} 31. Qb3 (31. Qxc6 $2 Qxc6 32. Rxc6 Rxa4 $19) (31. Nxd4 $17 exd4+ {[%mdl 64] Discovered Attack} 32. Rg3) 31... Nxe4 $1 $19 (31... Rxe4 32. Kg1 $17) 32. Re3 Nd2 33. Nxd2 Rxd2 34. Qc3 Rxf2 35. Kg1 Rf5 36. Nc5 Qa7 37. Ne4 Qd4 38. g3 Qd1+ 39. Re1 Qd5 40. Re3 h5 (40... Qb5 $2 41. Qe1 $19) 41. h4 Qb5 42. Kh2 Be7 {[%emt 0:04:40] White must now prevent ...Rf1.} 43. Rd3 (43. Re1 $142) 43... Qa4 44. Nd2 (44. Re3 {was the only defense.}) 44... Bf6 45. Rd6 $2 (45. Re3) 45... Qg4 46. Qe3 {[%emt 0:00:00] [#] Inhibits Qe2+.} Bxh4 $1 {[%emt 0:10:03] And now ...Bg5 would win.} 47. gxh4 (47. Rd3 Bg5) 47... Qxh4+ 48. Kg2 Rg5+ (48... Rf4 $142 49. Qxe5+ Kh7 50. Qxf4 Qxf4) 49. Kf1 Qh1+ 50. Ke2 Qh2+ (50... Rf5 $2 51. Rd3 $19) 51. Ke1 Rg2 ({But not} 51... Rg1+ $2 52. Nf1 $17) 52. Nf1 Qh4+ 53. Kd1 Qg4+ 54. Ke1 Qf5 55. Rxc6 h4 (55... Rxc2 $2 56. Ng3 Rxc6 57. Nxf5+ gxf5 58. Qxe5+ Kg6 59. Qxa5 $18) 56. Rc5 h3 {[%emt 0:01:01] ...h2 would be deadly.} ({Worse is} 56... Rxc2 57. Rxc2 Qxc2 58. Qxe5+ Kg8 59. Qe8+ (59. Ne3 Qc1+ 60. Ke2 Qxa3 $11) 59... Kg7 60. Qe5+ Kg8 61. Qe8+ (61. Ne3 Qc1+ 62. Ke2 Qxa3 $11) 61... Kg7 62. Qe5+ $11) 57. Rxe5 $2 {[%emt 0:00:24] [#]} (57. Qxe5+ $17 Qxe5+ 58. Rxe5) 57... Qxc2 $2 (57... Qf6 $1 $19 58. Rd5 Rxc2) 58. Rc5 $1 $36 {[%emt 0:00:08][%mdl 2048] Black is under pressure. The position is equal.} Qb1+ 59. Rc1 {[%emt 0:00:10] Really sharp!} Qf5 (59... Qb2 $5 60. Qc3+ $8 f6 61. Qxb2 Rxb2 $11) 60. Qd4+ Kh7 61. Qh4+ Kg7 {[%emt 0:00:05] ( -> ...Qe6+)} 62. Qd4+ Kh7 {[%emt 0:00:23] ...g5 is the strong threat.} 63. Qh4+ {[%emt 0:00:07] White happily takes the draw.   Weighted Error Value: White=0.55/Black=0.38} 1/2-1/2

[Event "DFMM-LV 2023"]
[Site "Braunfels"]
[Date "2023.06.11"]
[Round "5.4"]
[White "Cosma, Elena-Luminita"]
[Black "Valkova, Angelika"]
[Result "1/2-1/2"]
[Annotator "TA"]
[ECO "B08"]
[WhiteElo "2222"]
[BlackElo "2062"]
[PlyCount "75"]
[EventDate "2023.06.09"]
[EventType "team-tourn"]
[EventCountry "GER"]
[SourceTitle "playchess.com"]
[Source "ChessBase"]
[SourceQuality "1"]
[TimeControl "40/5400+30:1800+30"]

1. Nf3 d6 2. d4 g6 3. e4 Nf6 4. Nc3 Bg7 5. h3 O-O 6. Be3 d5 7. exd5 {[%emt 0:04:04] B08: Pirc Defence: Classical System.} Nxd5 8. Nxd5 Qxd5 9. c3 {[%emt 0:00:03] [#] White has an edge.} b6 $146 ({Predecessor:} 9... Nc6 10. Be2 e5 11. dxe5 Qxd1+ 12. Rxd1 Nxe5 13. O-O Nxf3+ 14. Bxf3 c6 15. Rfe1 Be6 {½-½ Martirosyan,H (2617)-Onischuk,V (2633) Titled Tuesday intern op 23rd June blitz 2020 (7)}) 10. Be2 Bb7 11. O-O Nd7 12. Qc2 Rad8 13. Rad1 Nf6 14. c4 Qd6 15. Rfe1 h6 ({Black should play} 15... e6 $14) 16. Qc1 $16 g5 17. d5 c5 {[%emt 0:03:58] Wards off Nd4} (17... e5 $142) 18. Bd3 Nd7 (18... e6 $16) 19. Qc2 (19. h4 $18 {and White stays clearly on top.}) 19... Qf6 {[%emt 0:03:59] Black is weak on the light squares} 20. Bc1 e6 21. dxe6 Bxf3 ({Better is} 21... fxe6 22. Re3 Bxf3 23. Rxf3 Qe7) 22. Bh7+ (22. gxf3 Ne5 23. Be4 Qxe6 $15) (22. exd7 $6 Bxd1 23. Rxd1 Qe7 $11) 22... Kh8 23. Rxd7 {[%emt 0:00:08] White is more active.} Rxd7 24. exd7 Bc6 25. Bf5 Qd6 (25... Rd8 $142 26. Rd1 Kg8) 26. Rd1 $2 {[%emt 0:16:15] [#]} (26. Qd1 $18 Qf6 27. Qg4) 26... Bd4 $14 27. Be3 {[%emt 0:00:06] Hoping for Qc3.} Bxd7 28. Bxd7 (28. Be4 $16) 28... Qxd7 $11 {[%emt 0:00:06] [#] The position is equal.} 29. b4 $1 Qe6 (29... Qe7 30. bxc5) 30. bxc5 {[%emt 0:01:07][%mdl 64] Remove Defender} bxc5 ({Not} 30... Bxe3 31. Rd6 (31. fxe3 Qxe3+ 32. Qf2 Qxf2+ 33. Kxf2 Rc8 $11) 31... Bxc5 32. Rxe6 fxe6 33. Qg6 $18) 31. Bxd4+ cxd4 {[%emt 0:00:05][%mdl 4096] Endgame KQR-KQR} 32. c5 (32. Rxd4 $2 {too greedy.} Qe1+ 33. Kh2 Qe5+ 34. g3 Qxd4 $19) 32... Rc8 33. Qa4 (33. Rxd4 $2 {is the wrong capture.} Qe1+ 34. Kh2 Qe5+ $19) 33... Rxc5 34. Qxd4+ Qe5 35. Qd7 Rc7 36. Qd2 Re7 37. a4 Kg7 38. Qb4 {[%emt 0:01:03] Blacks defense is rewarded with a draw.   Weighted Error Value: White=0.23 (precise) /Black=0.20 (precise) .  Loses game:     	---       	---        Missed win:     	White=1     	---        Mistake:       	White=2     	Black=5      Inaccurate:     	---       	Black=2      OK:         	White=10    	Black=9      Best:        	White=1     	Black=4      Strong:       	---       	---        Brilliant:      	---       	---} 1/2-1/2